 Dungeon Crawl Stone Soup version 0.28.0-53-g5a82cb258f (webtiles) character file.

Game seed: 8011958387089527727

7 Zeld the Firebug (level 2, -1/24 HPs)
             Began as an Ogre Fire Elementalist on June 6, 2022.
             Slain by a kobold
             ... wielding a +0 short sword
              (4 damage)
             ... on level 1 of the Dungeon.
             The game lasted 00:00:47 (439 turns).

Zeld the Firebug (Ogre Fire Elementalist)            Turns: 439, Time: 00:00:47

Health: -1/24      AC:  3    Str: 11    XL:     2   Next: 0%
Magic:  3/5        EV:  9    Int: 16    God:
Gold:   30         SH:  0    Dex:  9    Spells: 5/6 levels left

rFire   . . .      SeeInvis .   a - +0 war axe
rCold   . . .      Faith    .   (no shield)
rNeg    . . .      Spirit   .   b - +0 robe
rPois   .          Reflect  .   (helmet restricted)
rElec   .          Harm     .   (no cloak)
rCorr   .          Rampage  .   (gloves unavailable)
Will    .....                   (boots unavailable)
Stlth   +.........              (no amulet)
HPRegen 0.08/turn               (no ring)
MPRegen 0.09/turn               (no ring)

@: no status effects
A: large, unfitting armour, tough skin 1
a: no special abilities


You were on level 1 of the Dungeon.
You visited 1 branch of the dungeon, and saw 1 of its levels.

You collected 30 gold pieces.

Inventory:

Hand Weapons
 a - a +0 war axe (weapon)
Armour
 b - a +0 robe (worn)


   Skills:
 - Level 1.7 Dodging
 - Level 1.4 Stealth
 * Level 2.7 Spellcasting
 + Level 1.1 Conjurations
 * Level 2.9 Fire Magic


You had 5 spell levels left.
You knew the following spells:

 Your Spells              Type           Power      Damage    Failure   Level
a - Foxfire               Conj/Fire      32%        2x1d5     9%          1

Your spell library contained the following spells:

 Spells                   Type           Power      Damage    Failure   Level
 Scorch                   Fire           22%        2d6       9%          2
 Conjure Flame            Conj/Fire      8%         6-21      26%         3
 Inner Flame              Hex/Fire       6%         N/A       32%         3
 Flame Wave               Conj/Fire      8%         2d5       63%         4


Dungeon Overview and Level Annotations

Branches:
Dungeon (1/15)

Altars:


Innate Abilities, Weirdness & Mutations

You are too large for most types of armour.
You have tough skin. (AC +1)


Message History

The foxfire hits the kobold.
The kobold is heavily wounded.
You have reached level 2!
Your magical contamination has completely faded away.
Things that are here:
5 poisoned darts; a bat corpse
Casting: Foxfire (safe; 9% risk of failure)
Confirm with . or Enter, or press ? or * to list all spells.
You conjure some foxfire!
The kobold hits you with a +0 short sword.
* * * LOW HITPOINT WARNING * * *
Your foxfire dissipates!
The foxfire hits the kobold but does no damage.
The kobold is heavily wounded.
Found a cloak.
You see here a +0 cloak.
Things that are here:
a +0 dagger; a goblin corpse
Casting: Foxfire (safe; 9% risk of failure)
Confirm with . or Enter, or press ? or * to list all spells.
You conjure some foxfire!
The kobold hits you with a +0 short sword.
* * * LOW HITPOINT WARNING * * *
Your foxfire dissipates!
The foxfire hits the kobold.
The kobold is moderately wounded.
Casting: Foxfire (safe; 9% risk of failure)
Confirm with . or Enter, or press ? or * to list all spells.
You conjure some foxfire!
The kobold barely misses you.
The foxfire hits the kobold but does no damage.
The kobold is moderately wounded.
The foxfire hits the kobold but does no damage.
The kobold is moderately wounded.
Things that are here:
5 poisoned darts; a bat corpse
Casting: Foxfire (safe; 9% risk of failure)
Confirm with . or Enter, or press ? or * to list all spells.
You conjure some foxfire!
The kobold hits you with a +0 short sword.
You die...

.. . ##| ..# #.# ### ###+###.#
..# #...v...##### #[#
#....@K.(...# #.# #.....v##.###
#.# #......+....#
#.##########......##.#.# ####
#....................#.###....#
###########.......####.|......#
######............# #........#
.......###........# #........#
#######....)......# #.###....#


You could see a kobold (ally target).

Vanquished Creatures
  2 bats (D:1)
  An endoplasm (D:1)
  A goblin (D:1)
  A hobgoblin (D:1)
  A rat (D:1)
6 creatures vanquished.

Vanquished Creatures (others)
  7 foxfires (D:1)
7 creatures vanquished.

Grand Total: 13 creatures vanquished

Notes
Turn   | Place    | Note
-------+----------+-------------------------------------------
     0 | D:1      | Zeld the Ogre Fire Elementalist began the quest for the
                  | Orb.
     0 | D:1      | Reached XP level 1. HP: 16/16 MP: 3/3
   267 | D:1      | Reached skill level 1 in Conjurations
   376 | D:1      | Reached XP level 2. HP: 4/24 MP: 1/5
   439 | D:1      | Slain by a kobold

Illustrated notes

Levels and vault maps discovered:
D:1:      minmay_arrival_widening_spiral_narrow, layout_basic,
          ebering_ecumenical_altar_webs, minmay_misc_feat_rugged

Skill      XL: |  1 |
---------------+----+-----
Conjurations   | 1 |  1.1
Dodging        | |  1.7
Stealth        | |  1.4
Spellcasting   | |  2.7
Fire Magic     | |  2.9

Action                   || total
-------------------------++-------
Melee: War axe           ||    11
 Cast: Foxfire           ||     6
Armor: Robe              ||    12
Dodge: Dodged            ||    10
